 Dungeon Crawl Stone Soup version 0.27-a0-1281-ge233d83751 (webtiles) character file.

Game seed: 4245850948592442138

1037 Glokmah the Sneak (level 8, -1/45 HPs)
             Began as a Kobold Enchanter on June 14, 2021.
             Was an Initiate of Uskayaw.
             Slain by an orc (4 damage)
             ... on level 6 of the Dungeon.
             The game lasted 00:13:05 (8037 turns).

Glokmah the Sneak (Kobold Enchanter)                Turns: 8037, Time: 00:13:05

Health: -1/45      AC:  6    Str:  8    XL:     8   Next: 48%
Magic:  11/12      EV: 19    Int: 16    God:    Uskayaw [......]
Gold:   204        SH:  0    Dex: 15    Spells: 2/13 levels left

rFire    . . .     SeeInvis .   a - +2 dagger
rCold    + . .     Faith    +   (shield restricted)
rNeg     . . .     Spirit   .   n - +0 leather armour
rPois    .         Reflect  .   k - +0 helmet
rElec    .         Harm     .   (no cloak)
rCorr    .         Rampage  .   o - +0 pair of gloves
Will     .....                  s - +0 pair of boots
Stlth    ++++......             e - amulet of faith
HPRegen  0.15/turn              h - ring of protection from cold
MPRegen  0.13/turn              j - +4 ring of evasion

@: about to teleport
A: small, no large weapons, nightstalker 3
a: Renounce Religion


You were on level 6 of the Dungeon.
You worshipped Uskayaw.
Uskayaw was noncommittal.
You visited 2 branches of the dungeon, and saw 7 of its levels.

You collected 204 gold pieces.

Inventory:

Hand Weapons
 a - a +2 dagger (weapon)
 b - a +0 hand crossbow
Missiles
 g - 11 bolts
 m - 38 poisoned darts
Armour
 k - a +0 helmet (worn)
 n - a +0 leather armour (worn)
 o - a +0 pair of gloves (worn)
 s - a +0 pair of boots (worn)
Jewellery
 e - an amulet of faith (around neck)
 h - a ring of protection from cold (left hand)
 i - a ring of resist corrosion
 j - a +4 ring of evasion (right hand)
Wands
 p - a wand of polymorph (8)
 v - a wand of iceblast (16)
Scrolls
 t - a scroll of teleportation
Potions
 c - 2 potions of flight {unknown}
 d - 6 potions of curing
 f - 5 potions of heal wounds
 l - 2 potions of haste {unknown}
 q - 2 potions of mutation {unknown}
 r - 3 potions of attraction {unknown}
 u - a potion of berserk rage {unknown}


   Skills:
 + Level 2.6 Fighting
 * Level 5.2 Short Blades
 * Level 3.0 Crossbows
 + Level 4.0 Dodging
 * Level 6.7 Stealth
 - Level 3.0 Spellcasting
 * Level 4.9 Hexes
 + Level 2.4 Ice Magic
 * Level 2.5 Invocations


You had 2 spell levels left.
You knew the following spells:

 Your Spells              Type           Power      Damage    Failure   Level
a - Corona                Hex            20%        N/A       3%          1
b - Ensorcelled Hibernat  Hex/Ice        28%        N/A       9%          2
c - Confusing Touch       Hex            18%        N/A       11%         3
d - Tukima's Dance        Hex            18%        N/A       11%         3
e - Blink                 Tloc           N/A        N/A       38%         2

Your spell library contained the following spells:

 Spells                   Type           Power      Damage    Failure   Level
 Slow                     Hex            18%        N/A       5%          2
 Beastly Appendage        Tmut           4%         N/A       26%         1
 Magic Dart               Conj           8%         1d3       26%         1
 Call Imp                 Summ           2%         N/A       38%         2
 Wereblood                Tmut           2%         N/A       38%         2
 Dazzling Flash           Conj/Hex       20%        N/A       30%         3
 Conjure Flame            Conj/Fire      2%         6-21      63%         3
 Mephitic Cloud           Conj/Pois/Air  2%         N/A       63%         3
 Spider Form              Tmut/Pois      1%         N/A       63%         3
 Ice Form                 Ice/Tmut       6%         N/A       86%         4


Dungeon Overview and Level Annotations

Branches:
Dungeon (6/15)             Temple (1/1) D:4

Altars:
Ashenzari
Cheibriados
Dithmenos
Elyvilon
Gozag
Hepliaklqana
Kikubaaqudgha
Makhleb
Nemelex Xobeh
Okawaru
Qazlal
Ru
Sif Muna
Trog
Uskayaw
Vehumet
Wu Jian
Yredelemnul
Zin
The Shining One


Innate Abilities, Weirdness & Mutations

You are small and have problems with some larger weapons.
You are completely attuned to the shadows.


Message History

The orc warrior shouts!
The bolt hits the orc warrior.
The orc warrior is lightly wounded.
You hear a shout! x2
Fire: 13 bolts
Press: ? - help, Q - select action, (/) - cycle Shift-Dir - straight line, f/p - orc warrior
Aim: an orc warrior, wielding a +0 scimitar and wearing a +0 chain mail (lightly wounded, 61% to hit)
You shoot a bolt.
The bolt closely misses the orc warrior.
The orc shouts!
You hear a shout!
Fire: 12 bolts
Press: ? - help, Q - select action, (/) - cycle Shift-Dir - straight line, f/p - orc warrior
Aim: an orc warrior, wielding a +0 scimitar and wearing a +0 chain mail (lightly wounded, 61% to hit)
You shoot a bolt. The bolt barely misses the orc warrior.
The orc warrior misses you.
The orc warrior hits you with a +0 scimitar!
* * * LOW HITPOINT WARNING * * *
The orc warrior closely misses you.
An orc comes into view. It is wielding a +0 trident.
An orc comes into view. It is wielding a +0 flail.
Casting: Ensorcelled Hibernation (safe; 9% risk of failure)
Confirm with . or Enter, or press ? or * to list all spells.
Aiming: Corona (safe; 3% risk of failure)
Press: ? - help, Shift-Dir - straight line, f/p - orc warrior
Aim: an orc warrior, wielding a +0 scimitar and wearing a +0 chain mail (chance to affect: 56%)
Okay, then.
a - a +2 dagger (weapon)
The orc hits you but does no damage. The orc warrior misses you.
Casting: Corona (safe; 3% risk of failure)
Confirm with . or Enter, or press ? or * to list all spells.
Aiming: Corona (safe; 3% risk of failure)
Press: ? - help, Shift-Dir - straight line, f/p - orc warrior
Aim: an orc warrior, wielding a +0 scimitar and wearing a +0 chain mail (chance to affect: 56%)
The orc warrior is outlined in light.
The orc shouts!
The orc completely misses you. The orc warrior closely misses you.
As you read the scroll of teleportation, it crumbles to dust.
You feel strangely unstable. The orc hits you with a +0 club.
You die...

......(..#..#######..#....# #.
..J......#...#.......#....# #.
.........#...'.......#....# #.
.........#######....##....####.
#######.......####............
+.......# #............
#.......# #............
#....ooo# #>...........
#..(.oo@# #............ .....#
#............
.....####............
#######....####...... #....#
#...... #....# #.^.... #....#
#...... #....# #...... #....#
#......


You could see an orc warrior (corona) and 4 orcs.

Vanquished Creatures
  A sky beast (D:6)
  An ogre (D:6)
  A centaur (D:5)
  A kobold brigand (D:3)
  4 scorpions
  An orc priest (D:4)
  3 hounds
  A jelly (D:5)
  A bullfrog skeleton (D:6)
  2 orc wizards
  A hound skeleton (D:5)
  A howler monkey skeleton (D:6)
  10 adders
  4 worms
  A dart slug (D:2)
  9 orcs
  13 ball pythons
  4 bats
  7 endoplasms
  9 giant cockroaches
  18 goblins
  4 hobgoblins
  12 jackals
  5 kobolds
  5 quokkas
  4 frilled lizards (D:2)
  3 rats
126 creatures vanquished.

Vanquished Creatures (others)
  15 plants (D:2)
15 creatures vanquished.

Grand Total: 141 creatures vanquished

Notes
Turn   | Place    | Note
-------+----------+-------------------------------------------
     0 | D:1      | Glokmah the Kobold Enchanter began the quest for the Orb.
     0 | D:1      | Reached XP level 1. HP: 10/10 MP: 3/3
   181 | D:1      | Reached XP level 2. HP: 12/15 MP: 5/5
   187 | D:1      | Learned a level 2 spell: Ensorcelled Hibernation
   947 | D:1      | Reached XP level 3. HP: 17/20 MP: 1/6
  2023 | D:2      | Reached XP level 4. HP: 24/24 MP: 7/7
  2155 | D:2      | Reached skill level 1 in Fighting
  2909 | D:3      | Noticed a kobold brigand
  2915 | D:3      | Killed a kobold brigand
  2916 | D:3      | Reached skill level 5 in Stealth
  2916 | D:3      | Reached skill level 1 in Ice Magic
  2916 | D:3      | Reached XP level 5. HP: 29/29 MP: 8/8
  2936 | D:3      | Found a faded altar of an unknown god.
  3741 | D:4      | Learned a level 3 spell: Confusing Touch
  3745 | D:4      | Learned a level 3 spell: Tukima's Dance
  4014 | D:4      | Reached XP level 6. HP: 33/34 MP: 3/10
  4587 | D:4      | Found a staircase to the Ecumenical Temple.
  4602 | Temple   | Entered the Ecumenical Temple
  4905 | Temple   | Became a worshipper of Uskayaw the Reveller
  4942 | D:4      | Reached * piety under Uskayaw
  5201 | D:5      | Entered Level 5 of the Dungeon
  5266 | D:5      | Reached ** piety under Uskayaw
  5275 | D:5      | Reached *** piety under Uskayaw
  5513 | D:5      | Reached XP level 7. HP: 29/39 MP: 11/11
  5817 | D:5      | Reached skill level 1 in Crossbows
  6175 | D:5      | Reached skill level 1 in Invocations
  6306 | D:5      | Reached skill level 6 in Stealth
  6691 | D:5      | Found a bloodstained altar of Trog.
  7121 | D:6      | Reached XP level 8. HP: 26/44 MP: 7/12
  7263 | D:6      | Found a sacrificial altar of Ru.
  7419 | D:6      | Learned a level 2 spell: Blink
  7500 | D:6      | Reached skill level 5 in Short Blades
  8037 | D:6      | Slain by an orc

Illustrated notes

Levels and vault maps discovered:
D:1:      sevenhm_arrival_forest_fort_small_6, layout_basic
D:2:      layout_basic, serial_forest, infiniplex_forest_clump_medium,
          infiniplex_forest_clump_small, infiniplex_forest_corner_1,
          infiniplex_forest_clump_small, infiniplex_forest_end_double,
          infiniplex_forest_lined_1, infiniplex_forest_clump_cross,
          infiniplex_forest_corner_2
D:3:      layout_basic, hellmonk_ecumenical_altar_lost_god
D:4:      layout_loops_ring, minmay_temple_entry_statues_pillars, minmay_puff
D:5:      layout_basic, trog_hazing_becter, dk_noncrumbling_4
D:6:      hangedman_cross_stitches, layout_gridville, fedhas_altar_1,
          nicolae_ru_great_annihilating_truth, minmay_misc_feat_hallway,
          hangedman_minor_gate_pass
Temple:   hc_temple_tempest_star

Skill      XL: |  1  2  3  4  5  6  7  8 |
---------------+-------------------------+-----
Short Blades   | 2 3 4 5 |  5.2
Fighting       | 1 2 |  2.6
Dodging        | 3 4 |  4.0
Stealth        | 5 6 |  6.7
Ice Magic      | 1 2 |  2.4
Hexes          | 4 |  4.9
Spellcasting   | 3 |  3.0
Crossbows      | 2 3 |  3.0
Invocations    | 1 2 |  2.5

Action                   |  1- 3 |  4- 6 |  7- 9 || total
-------------------------+-------+-------+-------++-------
Melee: Dagger            |   130 |   168 |   161 ||   459
       Hand crossbow     |       |       |     1 ||     1
 Fire: Hand crossbow     |       |     2 |    27 ||    29
 Cast: Ensorcelled Hiber |    10 |    26 |       ||    36
       Corona            |       |     1 |     1 ||     2
Invok: Line Pass         |       |       |     2 ||     2
       Stomp             |       |       |     7 ||     7
  Use: Scroll            |       |     6 |     2 ||     8
       Potion            |       |     1 |       ||     1
 Stab: Sleeping          |    22 |    35 |     9 ||    66
       Paralysed         |       |     1 |     1 ||     2
       Confused          |       |       |     1 ||     1
Armor: Robe              |    13 |    13 |       ||    26
       Leather armour    |       |     4 |    36 ||    40
Dodge: Dodged            |    97 |   128 |   152 ||   377

Table legend: (Time is in decaauts)
 A = Elapsed time spent in this place.
 B = Non-inter-level travel time spent in this place.
 C = Inter-level travel time spent in this place.
 D = Time resting spent in this place.
 E = Time spent auto-exploring this place.
 F = Levels seen in this place.
 G = Mean time per level.
                   A        B        C        D        E       F      G
               +--------+--------+--------+--------+--------+-----+--------+
         Total |   7974 |   7356 |    618 |    710 |   5349 |   7 | 1139.1 |
       Dungeon |   7650 |   7077 |    573 |    710 |   5080 |   6 | 1275.0 |
        Temple |    324 |    279 |     45 |      0 |    269 |   1 |  324.0 |
               +--------+--------+--------+--------+--------+-----+--------+

Top non-repeatable levels by time:
     D:5: 1826 daAuts
     D:1: 1385 daAuts
     D:2: 1298 daAuts
     D:3: 1147 daAuts
     D:4: 1034 daAuts
     D:6: 958 daAuts
  Temple: 324 daAuts
